 Dungeon Crawl Stone Soup version 0.28-a0-224-g76b539d98b (webtiles) character file.

Game seed: 208053252393424734

43 zdrol the Skirmisher (level 3, -2/24 HPs)
             Began as a Gargoyle Monk on Aug 21, 2021.
             Frozen to death by an endoplasm (4 damage)
             ... on level 3 of the Dungeon.
             The game lasted 00:04:55 (2038 turns).

zdrol the Skirmisher (Gargoyle Monk)                Turns: 2038, Time: 00:04:56

Health: -2/24      AC:  5    Str: 15    XL:     3   Next: 58%
Magic:  3/3        EV: 12    Int: 16    God:
Gold:   55         SH:  0    Dex: 12    Spells: 2/2 levels left

rFire   . . .      SeeInvis .   a - +0 mace
rCold   . . .      Faith    .   (no shield)
rNeg    + . .      Spirit   .   b - +0 robe
rPois   ∞          Reflect  .   (no helmet)
rElec   +          Harm     .   (no cloak)
rCorr   .          Rampage  .   (no gloves)
Will    .....                   (no boots)
Stlth   ++........              (no amulet)
HPRegen 0.08/turn               l - +6 ring of intelligence
MPRegen 0.08/turn               (no ring)

@: no status effects
A: sickness immunity, AC +3, negative energy resistance 1, electricity
resistance, torment resistance 1, petrification resistance
a: no special abilities


You were on level 3 of the Dungeon.
You visited 1 branch of the dungeon, and saw 3 of its levels.

You collected 55 gold pieces.

Inventory:

Hand Weapons
 a - a +0 mace (weapon)
Missiles
 i - 2 atropa-tipped darts (quivered)
Armour
 b - a +0 robe (worn)
Jewellery
 l - a +6 ring of intelligence (left hand)
Scrolls
 c - a scroll of enchant armour
 d - 2 scrolls of identify
 e - a scroll of noise {unknown}
 f - a scroll of fear {unknown}
 h - a scroll of holy word {unknown}
 o - a scroll of teleportation {unknown}
Potions
 g - a potion of might {unknown}
 j - a potion of degeneration {unknown}
 k - a potion of heal wounds {unknown}
 m - a potion of ambrosia {unknown}
 n - 2 potions of attraction {unknown}


   Skills:
 + Level 3.7 Fighting
 + Level 3.5 Maces & Flails
 + Level 2.8 Dodging
 + Level 2.7 Stealth


You had 2 spell levels left.
You didn't know any spells.
Your spell library was empty.

Dungeon Overview and Level Annotations

Branches:
Dungeon (3/15)

Altars:


Innate Abilities, Weirdness & Mutations

You are immune to sickness and miasma.
Your stone body is resilient. (AC +3)
You are immune to poison.
You resist negative energy. (rN+)
You are resistant to electric shocks. (rElec)
You are resistant to unholy torment.
You are immune to petrification.


Message History

The rat is severely wounded.
An endoplasm comes into view.
A frilled lizard comes into view.
The rat bites you.
You closely miss the rat.
The rat is severely wounded.
The rat completely misses you.
You barely miss the rat.
The rat is severely wounded.
The rat bites you but does no damage.
You closely miss the rat.
The rat is severely wounded.
The rat misses you.
You closely miss the rat.
The rat is severely wounded.
The rat misses you. The worm bites you. The rat bites you.
The frilled lizard hisses angrily.
The endoplasm quivers.
You hit the rat but do no damage.
The rat is severely wounded.
The rat bites you but does no damage.
The frilled lizard bites you but does no damage.
The worm completely misses you.
You hit the rat.
You kill the rat!
The frilled lizard closely misses you.
The endoplasm hits you but does no damage.
The goblin barely misses you.
You hit the goblin but do no damage. The worm barely misses you.
The frilled lizard bites you but does no damage.
The endoplasm hits you. The goblin hits you but does no damage.
You barely miss the goblin. The frilled lizard bites you.
The endoplasm hits you.
* * * LOW HITPOINT WARNING * * *
The goblin closely misses you. The worm bites you.
* * * LOW HITPOINT WARNING * * *
Unknown command.
You closely miss the goblin. The frilled lizard barely misses you.
The endoplasm freezes you.
You are frozen.
You die...

.#.............
...............
............... ##
.#.............. ..
....)........ . #.
#.#......# #.. .##..
#.....<..#...#
.....(######........#
......J@g.......w##...
###...lw#....##.......
..................##..
..............###...
....#........... .....
...................###
....##..............
.... #.......#.... .g


You could see a worm, an endoplasm, a goblin and a frilled lizard.

Vanquished Creatures
  An adder (D:2)
  A dart slug (D:1)
  4 ball pythons (D:1)
  5 endoplasms
  2 giant cockroaches
  3 goblins
  3 hobgoblins (D:1)
  3 bats
  4 kobolds
  4 rats
30 creatures vanquished.

Notes
Turn   | Place    | Note
-------+----------+-------------------------------------------
     0 | D:1      | zdrol the Gargoyle Monk began the quest for the Orb.
     0 | D:1      | Reached XP level 1. HP: 14/14 MP: 1/1
   146 | D:1      | Reached XP level 2. HP: 18/19 MP: 2/2
   737 | D:1      | Reached XP level 3. HP: 22/24 MP: 3/3
  2038 | D:3      | Frozen to death by an endoplasm

Illustrated notes

Levels and vault maps discovered:
D:1:      dpeg_arrival_arbitrary_b, layout_rooms, minmay_hedge_maze
D:2:      layout_basic, serial_corexii_hall, corexii_hall_statues_deadend,
          corexii_hall_statues_i, kennysheep_cross_room, kennysheep_doodads
D:3:      layout_rooms, gammafunk_temple_overflow_pools

Action                   || total
-------------------------++-------
Melee: Mace              ||   101
  Use: Scroll            ||     1
 Stab: Sleeping          ||     3
Armor: Robe              ||    51
Dodge: Dodged            ||    78

Table legend: (Time is in decaauts)
 A = Elapsed time spent in this place.
 B = Non-inter-level travel time spent in this place.
 C = Inter-level travel time spent in this place.
 D = Time resting spent in this place.
 E = Time spent auto-exploring this place.
 F = Levels seen in this place.
 G = Mean time per level.
                   A        B        C        D        E       F      G
               +--------+--------+--------+--------+--------+-----+--------+
         Total |   2061 |   2061 |      0 |     85 |   1274 |   3 |  687.0 |
       Dungeon |   2061 |   2061 |      0 |     85 |   1274 |   3 |  687.0 |
               +--------+--------+--------+--------+--------+-----+--------+

Top non-repeatable levels by time:
     D:2: 1092 daAuts
     D:1: 945 daAuts
     D:3: 23 daAuts
